 Dungeon Crawl Stone Soup version 0.32-a0-975-g85d4e5bfdb (webtiles) character file.

Game seed: 13285250324508127224

5 jasper the Sneak (level 1, -1/9 HPs)
             Began as a Spriggan Enchanter on Apr 19, 2024.
             Constricted to death by a ball python (2 damage)
             ... on level 1 of the Dungeon.
             The game lasted 00:00:41 (211 turns).

jasper the Sneak (Spriggan Enchanter)                Turns: 211, Time: 00:00:41

Health: -1/9       AC:  2    Str:  4    XL:     1   Next: 66%
Magic:  5/5        EV:  6    Int: 16    God:
Gold:   24         SH:  0    Dex: 15    Spells: 5/5 levels left

rFire   . . .        a - +1 dagger
rCold   . . .        (no shield)
rNeg    . . .        b - +0 robe
rPois   .            (helmet restricted)
rElec   .            (no cloak)
rCorr   .            (gloves unavailable)
SInv    +            (boots unavailable)
Will    .....        (no amulet)
Stlth   +++          (no ring)
HPRegen 0.21/turn    (no ring)
MPRegen 0.09/turn

%: no passive effects
@: constricted, very quick
A: very small, no large weapons, unfitting armour, see invisible, speed 3
a: no special abilities


You were on level 1 of the Dungeon.
You visited 1 branch of the dungeon, and saw 1 of its levels.

You collected 24 gold pieces.

Inventory:

Hand Weapons
 a - a +1 dagger (weapon)
Missiles
 g - 2 stones (quivered)
Armour
 b - a +0 robe (worn)
Jewellery
 e - an amulet of guardian spirit
Scrolls
 d - a scroll of amnesia {unknown}
 f - a scroll of vulnerability {unknown}
Potions
 c - 2 potions of invisibility
 h - 2 potions of enlightenment {unknown}


   Skills:
 - Level 1.1 Short Blades
 - Level 2.6 Dodging
 + Level 5.1 Stealth
 - Level 2.6 Spellcasting
 - Level 3.6 Hexes


You had 5 spell levels left.
You didn't know any spells.
Your spell library contained the following spells:

 Spells                   Type           Power      Damage    Failure   Level
 Confusing Touch          Hex            13%        N/A       13%         3
 Tukima's Dance           Hex            13%        N/A       13%         3
 Ensorcelled Hibernation  Hex/Ice        14%        N/A       14%         2
 Dazzling Flash           Conj/Hex       14%        N/A       28%         3


Dungeon Overview and Level Annotations

Branches:
Dungeon (1/15)

Altars:

Shops:
D:1 [


Innate Abilities, Weirdness & Mutations

You are very small and have problems with some larger weapons.
You are too small for most types of armour.
You have supernaturally acute eyesight. (SInv)
You cover ground extremely quickly. (Speed+++)


Message History

The goblin shouts!
A goblin is nearby!
A giant cockroach comes into view.
The giant cockroach moves out of view.
A hobgoblin comes into view.
Found a ring mail and 17 gold pieces.
A ball python comes into view.
Found a cyan potion.
The goblin misses you.
The hobgoblin shouts!
The giant cockroach attacks as it pursues you!
The giant cockroach misses you. The giant cockroach misses you.
The ball python hisses angrily.
You hit the giant cockroach.
The giant cockroach is heavily wounded.
The giant cockroach barely misses you.
You hit the giant cockroach but do no damage.
The giant cockroach is heavily wounded.
The giant cockroach bites you but does no damage.
You closely miss the giant cockroach.
The giant cockroach is heavily wounded.
The giant cockroach bites you.
You take 1 damage, and have 8/9 hp.
You hit the giant cockroach.
You kill the giant cockroach!
Your Stealth skill increases to level 5!
You hit the ball python but do no damage.
The ball python misses you.
You barely miss the ball python. The ball python misses you.
The ball python grabs you. The ball python constricts you.
You hit the ball python.
The ball python is severely wounded.
The ball python bites you. The ball python constricts you.
You take 5 damage, and have 3/9 hp.
MASSIVE DAMAGE!!
You closely miss the ball python.
The ball python is severely wounded.
The ball python bites you.
* * * LOW HITPOINT WARNING * * *
The ball python constricts you.
You die...

#..###.....# ###### ##..#
#.....# ...... #...#
#.....### ...... #..##
#.......# ......#####.##
#.....#.. ............#
##.######
.......##..######..######
.......###...............
......gS@................
......g###....)#†.....###
.......


#.PPPP..PP.P.PPP ...[... #.PPPPP......PPP .....!. #.PPPP...P.P.... .$.....
...PPP.P.P...PPP. ........##.PPP..P.PPP.PP. ....... ..PP.PP.P..PP.PP
#..PP.P.PP.P.PP.P You could see a hobgoblin, a goblin and a ball python.

Vanquished Creatures
  A giant cockroach (D:1)
  A goblin (D:1)
  A quokka (D:1)
  A ball python (D:1)
  A frilled lizard (D:1)
5 creatures vanquished.

Notes
Turn   | Place    | Note
-------+----------+-------------------------------------------
     0 | D:1      | jasper the Spriggan Enchanter began the quest for the Orb.
     0 | D:1      | Reached XP level 1. HP: 9/9 MP: 5/5
   155 | D:1      | Found Rekucu's Armour Shoppe.
   208 | D:1      | Reached skill level 5 in Stealth
   211 | D:1      | Constricted to death by a ball python

Illustrated notes

Levels and vault maps discovered:
D:1:      roderic_crop_circles_arrival_small, layout_rooms, serial_shops,
          nicolae_shop_stone

Skill      XL: |  1 |
---------------+----+-----
Stealth        | 5 |  5.1
Short Blades   | |  1.1
Dodging        | |  2.6
Spellcasting   | |  2.6
Hexes          | |  3.6

Action                     || total
---------------------------++-------
  Melee: Dagger            ||    16
   Stab: Distracted        ||     1
 Armour: Robe              ||     8
  Dodge: Dodged            ||    15

Table legend: (Time is in decaauts)
 A = Elapsed time spent in this place.
 B = Non-inter-level travel time spent in this place.
 C = Inter-level travel time spent in this place.
 D = Time resting spent in this place.
 E = Time spent auto-exploring this place.
 F = Levels seen in this place.
 G = Mean time per level.
                   A        B        C        D        E       F      G
               +--------+--------+--------+--------+--------+-----+--------+
         Total |    134 |    134 |      0 |      0 |     50 |   1 |  134.0 |
       Dungeon |    134 |    134 |      0 |      0 |     50 |   1 |  134.0 |
               +--------+--------+--------+--------+--------+-----+--------+

Top non-repeatable levels by time:
     D:1: 134 daAuts
